 Dungeon Crawl Stone Soup version 0.25.1-2-g60ff931 (webtiles) character file.

Game seed: 13709058997674279291

73731 vertexvortex the Gelid (level 15, -19/125 HPs)
             Began as a Demonspawn Ice Elementalist on Aug 1, 2020.
             Was an Elder of Sif Muna.
             Demolished by a hell beast (21 damage)
             ... created by a Zot trap
             ... while paralysed by a Zot trap
             ... on level 1 of the Swamp on Aug 3, 2020.
             The game lasted 02:38:24 (28699 turns).

vertexvortex the Gelid (DsIE)                      Turns: 28699, Time: 02:38:25

Health: -19/125    AC: 13    Str:  9    XL:     15   Next: 4%
Magic:  5/28       EV:  2    Int: 24    God:    Sif Muna [****..]
Gold:   1905       SH:  0    Dex: 15    Spells: 2/32 levels left

rFire    . . .     SeeInvis .   w - +3 hunting sling "Ulowk" {freeze, rElec rC+}
rCold    + + .     Gourm    .   (no shield)
rNeg     + . .     Faith    .   F - +1 robe {rF+}
rPois    +         Spirit   .   I - +2 helmet {Int+3}
rElec    +         Reflect  .   b - +0 cloak {Stlth+}
rCorr    .         Harm     .   R - +2 pair of gloves
MR       .....                  (boots unavailable)
Stlth    ++........             y - amulet of magic regeneration
HPRegen  0.30/turn              P - ring of poison resistance
MPRegen  0.46/turn              l - ring of ice

@: paralysed, vulnerable, lightly drained
A: talons 3, icy blue scales 2, demonic guardian 2, negative energy resistance
1, electricity resistance, spiny 2
a: Channel Magic, Forget Spell, Divine Exegesis, Renounce Religion


You were on level 1 of the Swamp.
You worshipped Sif Muna.
Sif Muna was greatly pleased with you.
You were very hungry.

You visited 4 branches of the dungeon, and saw 20 of its levels.
You also visited: Bailey and Volcano.

You collected 1905 gold pieces.

Inventory:

Hand Weapons
 q - a +4 halberd of flaming
 w - the +3 hunting sling "Ulowk" (weapon) {freeze, rElec rC+}
   (You acquired it on level 4 of the Lair of Beasts)

   It causes projectiles fired from it to freeze those they strike, causing
   extra injury to most foes and up to half again as much damage against
   particularly susceptible opponents.
   They can also slow down cold-blooded creatures.
   It protects you from cold.
   It insulates you from electricity.
Missiles
 k - 168 sling bullets
 o - 217 stones (quivered)
Armour
 b - a +0 cloak of stealth (worn)
 u - a +0 pair of gloves of strength
 F - a +1 robe of fire resistance (worn)
 I - a +2 helmet of intelligence (worn)
 L - +0 ice dragon scales
 R - a +2 pair of gloves (worn)
Magical Staves
 B - an uncursed staff of conjuration
Jewellery
 l - a ring of ice (right hand)
 y - an amulet of magic regeneration (around neck)
 G - an uncursed ring of protection from magic
 J - an uncursed ring of protection from fire
 P - a ring of poison resistance (left hand)
 U - an uncursed ring of fire
Wands
 a - a wand of polymorph (9)
 d - a wand of iceblast (10)
 A - a wand of clouds (11)
 E - a wand of paralysis (12)
 N - a wand of acid (1)
Scrolls
 g - a scroll of immolation
 h - a scroll of magic mapping
 j - 2 scrolls of identify
 n - 7 scrolls of remove curse
 s - 7 scrolls of teleportation
 t - 4 scrolls of fear
 z - 5 scrolls of amnesia
 Q - a scroll of fog
 Y - 3 scrolls of enchant armour
 Z - a scroll of brand weapon
Potions
 e - 3 potions of resistance
 f - 3 potions of magic
 m - a potion of berserk rage
 p - 10 potions of flight
 r - 4 potions of haste
 v - 5 potions of brilliance
 x - a potion of ambrosia
 C - a potion of mutation
 D - 4 potions of heal wounds
 H - 3 potions of curing
 M - a potion of invisibility
 T - 2 potions of lignification
 W - 2 potions of might
Miscellaneous
 K - a lightning rod (4/4)
 O - a phial of floods
 X - a phial of floods
Comestibles
 c - 31 rations


   Skills:
 * Level 13.7(13.5) Fighting
 - Level 0.4(0.3) Polearms
 - Level 6.0(5.8) Slings
 - Level 1.7(1.6) Dodging
 - Level 1.7(1.6) Stealth
 - Level 9.0(8.8) Spellcasting
 - Level 6.0(5.8) Conjurations
 - Level 5.1(4.9) Summonings
 - Level 2.0(1.9) Translocations
   Level 3.1(3.0) Fire Magic
 + Level 15.4(15.2) Ice Magic
 - Level 4.0(3.8) Air Magic
 * Level 1.5(1.4) Earth Magic
 - Level 2.1(2.0) Poison Magic
 + Level 1.9(1.8) Invocations


You had 2 spell levels left.
You knew the following spells:

 Your Spells              Type           Power        Failure   Level  Hunger
a - Freeze                Ice            ####         0%          1    None
b - Frozen Ramparts       Ice            ######       1%          3    None
c - Summon Ice Beast      Ice/Summ       ######..     1%          4    ##.....
d - Mephitic Cloud        Conj/Pois/Air  ####....     3%          3    None
e - Freezing Cloud        Conj/Ice/Air   ######....   30%         6    ######.
f - Blink                 Tloc           N/A          4%          2    None
g - Passwall              Tmut/Erth      ##......     7%          2    None
h - Ozocubu's Refrigerat  Ice            #######...   1%          6    ######.
i - Stone Arrow           Conj/Erth      ####..       4%          3    None

Your spell library contained the following spells:

 Spells                   Type           Power        Failure   Level  Hunger
 Magic Dart               Conj           ####         1%          1    None
 Call Imp                 Summ           ####....     1%          2    None
 Sting                    Tmut/Pois      ###.         4%          1    None
 Corpse Rot               Necr/Air       N/A          4%          2    None
 Corona                   Hex            ##.....      6%          1    None
 Infusion                 Chrm           ##..         6%          1    None
 Shroud of Golubria       Chrm/Tloc      ###...       6%          2    None
 Slow                     Hex            ##......     9%          2    None
 Song of Slaying          Chrm           ##......     9%          2    None
 Ozocubu's Armour         Chrm/Ice       ######..     1%          3    None
 Hailstorm                Conj/Ice       #######.     1%          4    ##.....
 Conjure Flame            Conj/Fire      ####....     3%          3    None
 Recall                   Summ/Tloc      N/A          4%          3    None
 Ignite Poison            Fire/Tmut/Pois ###.....     9%          3    None
 Inner Flame              Hex/Fire       ###.....     10%         3    None
 Portal Projectile        Hex/Tloc       ###...       12%         3    None
 Iskenderun's Mystic Bla  Conj/Tloc      ####....     12%         4    ##.....
 Spectral Weapon          Hex/Chrm       ##......     19%         3    None
 Olgreb's Toxic Radiance  Pois           ###.....     26%         4    ##.....
 Passage of Golubria      Tloc           N/A          26%         4    ##.....
 Fireball                 Conj/Fire      ####......   26%         5    ####...
 Bolt of Magma            Conj/Fire/Erth ####......   38%         5    ####...
 Summon Forest            Summ/Tloc      ####......   38%         5    ####...
 Leda's Liquefaction      Hex/Erth       ##........   41%         4    ##.....
 Irradiate                Conj/Tmut      ###.......   45%         5    ####...
 Cause Fear               Hex            ##........   52%         4    ##.....
 Starburst                Conj/Fire      ####......   83%         6    ######.
 Iron Shot                Conj/Erth      ####......   90%         6    ######.
 Eringya's Noxious Bog    Tmut/Pois      ###.......   99%         6    ######.
 Hydra Form               Tmut           ##........   100%        6    ######.
 Statue Form              Tmut/Erth      ##.......    100%        6    ######.
 Dragon Form              Tmut           ##........   100%        7    #######
 Ring of Flames           Chrm/Fire      ###.......   100%        7    #######
 Summon Hydra             Summ           ####......   100%        7    #######
 Ignition                 Fire           ####......   100%        8    #######
 Absolute Zero            Ice            #######...   100%        9    #######
 Shatter                  Erth           ###.......   100%        9    #######


Dungeon Overview and Level Annotations

Branches:
Dungeon (10/15)            Temple (0/1) D:5            Lair (6/6) D:9
  Swamp (1/4) Lair:2       Spider (3/4) Lair:3        Slime (0/5) Lair:6
 Bailey (visited)         Volcano (visited)
    Orc: D:9-12

Altars:
Ashenzari
Dithmenos
Elyvilon
Gozag
Nemelex Xobeh
Okawaru
Qazlal
Sif Muna
Trog
Zin
The Shining One
Jiyva

Annotations:
D:10 Fannar


Innate Abilities, Weirdness & Mutations

You have claws for feet.
You are mostly covered in icy blue scales. (AC +3)
A demonic guardian rushes to your aid.
You resist negative energy. (rN+)
You are mostly covered in sharp spines.
You are resistant to electric shocks. (rElec)


Message History

* * * LOW HITPOINT WARNING * * *
The spectral swamp dragon fades away!
The spectral anaconda bites you.
* * * LOW HITPOINT WARNING * * *
The ghost crab breathes spectral mist at you.
The spectral mist engulfs the tyrant leech but does no damage.
The hell beast is engulfed in spectral mist.
The hell beast bites you but does no damage.
The hell beast tramples you!
* * * LOW HITPOINT WARNING * * *
You hold your ground!
The tyrant leech is engulfed in spectral mist.
The tyrant leech dies!
You hear a loud "Zot"!
The spectral anaconda is struck by your spines.
The spectral anaconda bites you!
* * * LOW HITPOINT WARNING * * *
You are engulfed in spectral mist.
The hell beast is engulfed in spectral mist.
The hell beast bites you!!
You die...

...♣♣.....#
##..^^.^^^^..# #..♣.
..>......≈#
#.^##.#^#.##^.# #≈...
....≈.....#
##....^^^^^..## #≈≈..
.≈♣♣♣≈....#
##.#4#○#^#^#.# #≈≈..
.♣♣♣≈.^..♣#
#^.#t○°..○.# ^# #≈≈≈.
.≈♣..≈≈...#
##.#.☼.)...# # #≈≈≈≈
....≈≈≈≈..#
##DZ☼§.^^^.# #≈≈≈≈
♣..≈≈≈≈≈.♣#
#2Z☼§^^^..# ##≈≈≈≈
♣..≈≈≈≈≈♣♣ ##@§☼.^..#
##..≈≈≈ ≈..≈≈≈≈≈♣
###+#+### #≈≈..≈.
...≈≈≈..♣ ##≈.....
......♣♣♣♣ #≈..♣♣♣♣
....≈≈.♣≈♣♣ #≈≈.♣♣♣♣
.♣♣≈.≈≈≈.≈♣ ######
#≈≈...♣. ♣♣♣...>♣≈.♣♣
###### #≈≈..♣♣≈
♣♣≈♣..♣♣♣.≈♣♣#########
###..♣♣♣♣.
.≈≈.≈...........♣♣.©.♣
♣≈.♣♣♣♣♣..


You could see a hell beast, a swamp dragon, a ghost crab, a spectral anaconda
(summoned), a spectral tyrant leech (summoned) and a friendly ice devil
(summoned).

Vanquished Creatures
  An emperor scorpion (Spider:1)
  A ghost moth (Spider:2)
  An entropy weaver (Spider:2)
  3 spark wasps (Spider:2)
  Josephine (Swamp:1)
  A shambling mangrove (Swamp:1)
  2 hydras
  3 alligators (Swamp:1)
  3 death yaks (Lair:4)
  A fire crab (Lair:6)
  2 unseen horrors (D:10)
  3 swamp dragons (Swamp:1)
  11 wolf spiders
  5 orb spiders
  3 elephants (Lair:6)
  A moth of wrath (Spider:2)
  A molten gargoyle (Volcano)
  A gargoyle (Volcano)
  7 spiny frogs
  4 rime drakes
  4 komodo dragons
  2 demonic crawlers
  7 jumping spiders
  4 polar bears (Lair:6)
  A hornet (Swamp:1)
  17 blink frogs
  2 tyrant leeches (Swamp:1)
  2 raiju (Lair:6)
  4 slime creatures (Swamp:1)
  8 hippogriffs
  14 tarantellas
  3 wyverns
  38 redbacks
  15 yaks
  A fire elemental (Volcano)
  4 basilisks
  6 wraiths
  3 vampire mosquitoes (Swamp:1)
  A hungry ghost (D:8)
  A steam dragon (Lair:6)
  A swamp worm (Swamp:1)
  5 wargs (Lair:6)
  An acid dragon (Lair:6)
  7 porcupines
  12 hell hounds (Lair:6)
  6 swamp drakes
  8 orc warriors
  2 ice beasts
  6 water moccasins
  10 black bears
  2 sky beasts
  An eye of draining (D:9)
  An ogre (D:7)
  13 wolves
  4 centaurs
  7 crocodiles
  A big kobold (D:9)
  9 bullfrogs
  A water moccasin skeleton (D:4)
  10 killer bees
  2 scorpions
  An electric eel (Spider:2)
  2 howler monkeys
  5 crimson imps
  A bullfrog zombie (D:9)
  3 quasits
  3 hounds
  6 orc priests
  4 bullfrog skeletons
  9 orc wizards
  6 iguanas
  6 worker ants
  2 killer bee zombies
  A hound skeleton (D:3)
  3 worker ant zombies
  13 gnolls
  13 adders
  A shadow imp (D:5)
  An ooze (D:4)
  2 adder zombies
  An adder skeleton (D:6)
  4 worms
  A dart slug (D:2)
  7 leopard geckos
  31 orcs
  A ball python (D:1)
  3 giant cockroaches
  10 goblins
  5 hobgoblins
  4 jackals (D:2)
  14 kobolds
  6 quokkas
  4 bats
  10 frilled lizards
  A quokka zombie (D:6)
  9 rats
  4 fungi (Lair:5)
  6 plants
504 creatures vanquished.

Vanquished Creatures (collateral kills)
  4 hydras
  Erica (Lair:2)
  2 catoblepae (Lair:6)
  A centaur warrior (D:6)
  A death yak (Lair:4)
  Urug (Lair:1)
  5 wolf spiders
  A black mamba (Lair:3)
  Maurice (D:8)
  2 rust devils (D:5)
  A gargoyle (Volcano)
  3 spiny frogs
  3 rime drakes (Lair:6)
  2 demonic crawlers (Spider:2)
  3 komodo dragons
  3 jumping spiders (Spider:2)
  6 polar bears (Lair:6)
  9 blink frogs
  7 hippogriffs (Lair:6)
  Sigmund (D:3)
  2 redbacks (Spider:1)
  3 tarantellas (Spider:2)
  4 yaks
  7 basilisks
  2 wyverns (Lair:6)
  A warg (Lair:6)
  2 water moccasins (Lair:6)
  2 hell hounds (Lair:6)
  A porcupine (Lair:5)
  2 black bears (Lair:6)
  A sky beast (D:6)
  2 orc warriors (Bailey)
  A phantom (D:7)
  4 wolves
  2 centaurs
  4 crocodiles
  3 bullfrogs
  3 killer bees
  4 wights (D:7)
  A howler monkey (D:10)
  A hound (D:8)
  2 orc wizards (D:3)
  An iguana (D:10)
  A bat (D:3)
  5 goblins
  A hobgoblin (Bailey)
  A ball python (D:3)
  7 kobolds
127 creatures vanquished.

Vanquished Creatures (others)
  A tyrant leech (Swamp:1)
  A rat (D:2)
  11 fungi
  39 plants
52 creatures vanquished.

Grand Total: 683 creatures vanquished

Notes
Turn   | Place    | Note
-------+----------+-------------------------------------------
     0 | D:1      | vertexvortex the Demonspawn Ice Elementalist began the
                  | quest for the Orb.
     0 | D:1      | Reached XP level 1. HP: 13/13 MP: 3/3
   386 | D:1      | Gained mutation: A weak demonic guardian rushes to your
                  | aid. [demonic ancestry]
   386 | D:1      | Reached XP level 2. HP: 20/20 MP: 5/5
   759 | D:1      | Reached skill level 4 in Ice Magic
  1245 | D:2      | Found a sparkling altar of Nemelex Xobeh.
  1245 | D:2      | Found a shimmering blue altar of Sif Muna.
  1249 | D:2      | Became a worshipper of Sif Muna the Loreminder
  1829 | D:2      | Found an iron altar of Okawaru.
  1830 | D:2      | Gained mutation: You have sharp toenails. [demonic
                  | ancestry]
  1830 | D:2      | Reached XP level 3. HP: 25/25 MP: 6/6
  1835 | D:2      | Learned a level 3 spell: Frozen Ramparts
  1977 | D:2      | Reached skill level 1 in Fighting
  2205 | D:2      | Reached XP level 4. HP: 32/32 MP: 8/8
  2211 | D:2      | Learned a level 4 spell: Summon Ice Beast
  2695 | D:3      | Reached * piety under Sif Muna
  2728 | D:3      | Noticed Sigmund
  2738 | D:3      | Killed Sigmund
  2738 | D:3      | Gained mutation: A demonic guardian rushes to your aid.
                  | [demonic ancestry]
  2738 | D:3      | Reached XP level 5. HP: 19/38 MP: 3/11
  2738 | D:3      | Reached XP level 6. HP: 22/44 MP: 3/12
  3361 | D:3      | Found an opulent altar of Gozag.
  3599 | D:3      | Reached skill level 5 in Ice Magic
  3757 | D:4      | Found a shadowy altar of Dithmenos.
  3983 | D:4      | Noticed a sky beast
  3987 | D:4      | Killed a sky beast
  3987 | D:4      | Reached skill level 5 in Spellcasting
  4333 | D:4      | Gained mutation: You are partially covered in icy blue
                  | scales. (AC +2) [demonic ancestry]
  4333 | D:4      | Reached XP level 7. HP: 51/51 MP: 10/14
  4403 | D:4      | Found a glowing golden altar of the Shining One.
  4599 | D:4      | Reached ** piety under Sif Muna
  4795 | D:5      | Entered Level 5 of the Dungeon
  4800 | D:5      | Reached skill level 1 in Summonings
  4956 | D:5      | Reached skill level 6 in Ice Magic
  5831 | D:5      | Found a staircase to the Ecumenical Temple.
  5854 | D:5      | Reached XP level 8. HP: 47/59 MP: 15/15
  6214 | D:5      | Noticed a rust devil
  6214 | D:5      | Noticed a rust devil
  6464 | D:6      | Reached skill level 1 in Slings
  6505 | D:6      | Reached skill level 7 in Ice Magic
  6708 | D:6      | Found a stormy altar of Qazlal.
  6844 | D:6      | Reached skill level 5 in Fighting
  6845 | D:6      | Noticed a centaur warrior
  6872 | D:6      | Killed a centaur warrior
  6872 | D:6      | Reached *** piety under Sif Muna
  6872 | D:6      | Gained mutation: You are mostly covered in icy blue scales.
                  | (AC +3) [demonic ancestry]
  6872 | D:6      | Reached XP level 9. HP: 68/68 MP: 11/16
  7129 | D:5      | Killed a rust devil
  7135 | D:5      | Killed a rust devil
  7135 | D:5      | Reached skill level 8 in Ice Magic
  7253 | D:7      | Found a white marble altar of Elyvilon.
  7368 | D:7      | Reached skill level 5 in Summonings
  7743 | D:7      | Learned a level 3 spell: Mephitic Cloud
  7747 | D:7      | Learned a level 3 spell: Conjure Flame
  7750 | D:7      | Learned a level 2 spell: Blink
  8318 | D:7      | Reached **** piety under Sif Muna
  8451 | D:7      | Reached skill level 5 in Slings
  8871 | D:8      | Reached skill level 1 in Poison Magic
  8871 | D:8      | Reached XP level 10. HP: 77/77 MP: 13/17
  8872 | D:8      | Reached skill level 1 in Conjurations
  8894 | D:8      | Reached skill level 1 in Fire Magic
  8922 | D:8      | Reached skill level 1 in Translocations
  8945 | D:8      | Found a flagged portal.
  8967 | Bailey   | Entered a bailey
  9161 | Bailey   | Reached skill level 1 in Air Magic
  9288 | Bailey   | Found the +6 lightning scales {run, rElec}
  9877 | D:8      | Noticed Maurice
  9887 | D:8      | Killed Maurice
  9887 | D:8      | Reached ***** piety under Sif Muna
 10668 | D:9      | Identified Sif Muna's Reference Book on the Shifting
                  | Frostbite (Sif Muna gifted it to you on level 9 of the
                  | Dungeon)
 10668 | D:9      | Received a gift from Sif Muna
 10673 | D:9      | Learned a level 2 spell: Passwall
 10693 | D:9      | Found a staircase to the Lair.
 10697 | D:9      | Found a bloodstained altar of Trog.
 11110 | D:9      | Found a glowing silver altar of Zin.
 11602 | D:10     | Entered Level 10 of the Dungeon
 11785 | D:10     | Killed an unseen horror
 11960 | D:10     | Killed an unseen horror
 11960 | D:10     | Gained mutation: You are partially covered in sharp spines.
                  | [demonic ancestry]
 11960 | D:10     | Reached XP level 11. HP: 35/86 MP: 16/20
 11962 | D:10     | Noticed Fannar
 12209 | Lair:1   | Entered Level 1 of the Lair of Beasts
 12683 | Lair:1   | Noticed an eight-headed hydra
 12692 | Lair:1   | Killed an eight-headed hydra
 12890 | Lair:1   | Noticed Urug
 13044 | Lair:1   | Killed Urug
 13430 | Lair:2   | Learned a level 6 spell: Ozocubu's Refrigeration
 13648 | Lair:2   | Found a staircase to the Swamp.
 13916 | Lair:2   | Noticed Erica
 13932 | Lair:2   | Killed Erica
 14780 | Lair:3   | Learned a level 6 spell: Freezing Cloud
 14872 | Lair:3   | Noticed a four-headed hydra
 14879 | Lair:3   | Killed a four-headed hydra
 14879 | Lair:3   | Reached skill level 9 in Ice Magic
 14919 | Lair:3   | Noticed a wolf spider
 14927 | Lair:3   | Killed a wolf spider
 15170 | Lair:3   | Found a shattered altar of Ashenzari.
 15415 | Lair:3   | Found a hole to the Spider Nest.
 15915 | Lair:4   | Gained mutation: You have razor-sharp toenails. [demonic
                  | ancestry]
 15915 | Lair:4   | Reached XP level 12. HP: 88/95 MP: 23/25
 16367 | Lair:4   | Noticed a death yak
 16367 | Lair:4   | Noticed a death yak
 16373 | Lair:4   | Noticed a death yak
 16375 | Lair:4   | Noticed a death yak
 16383 | Lair:4   | Killed a death yak
 16384 | Lair:4   | Killed a death yak
 16393 | Lair:4   | Killed a death yak
 16399 | Lair:4   | Killed a death yak
 16780 | Lair:4   | Identified a scroll of acquirement
 16780 | Lair:4   | Acquired the +3 hunting sling "Ulowk" {freeze, rElec rC+}
 17110 | Lair:5   | Reached skill level 10 in Ice Magic
 17135 | Lair:5   | Reached skill level 10 in Fighting
 17936 | Lair:6   | Entered Level 6 of the Lair of Beasts
 17993 | Lair:6   | Reached skill level 11 in Ice Magic
 18051 | Lair:6   | Reached skill level 5 in Conjurations
 18093 | Lair:6   | Noticed a catoblepas
 18110 | Lair:6   | Killed a catoblepas
 18164 | Lair:6   | Noticed an eight-headed hydra
 18177 | Lair:6   | Killed an eight-headed hydra
 18195 | Lair:6   | Received a gift from Sif Muna
 18239 | Lair:6   | Gained mutation: You are mostly covered in sharp spines.
                  | [demonic ancestry]
 18239 | Lair:6   | Reached XP level 13. HP: 36/105 MP: 26/26
 18526 | Lair:6   | Found a dark tunnel.
 18534 | Volcano  | Entered a volcano
 19196 | Lair:6   | Reached skill level 12 in Ice Magic
 19577 | Lair:6   | Identified Sif Muna's Disquisition on Envenoming and the
                  | Voyage (Sif Muna gifted it to you on level 6 of the Lair of
                  | Beasts)
 19577 | Lair:6   | Received a gift from Sif Muna
 19606 | Lair:6   | Reached skill level 1 in Invocations
 20216 | Lair:6   | Found a viscous altar of Jiyva.
 20217 | Lair:6   | Found a staircase to the Slime Pits.
 20312 | Lair:6   | Reached skill level 13 in Ice Magic
 21156 | Lair:6   | Noticed a fire dragon
 21507 | Spider:1 | Entered Level 1 of the Spider Nest
 22117 | Spider:1 | Noticed an emperor scorpion
 22139 | Spider:1 | Killed an emperor scorpion
 22383 | Spider:1 | Gained mutation: You resist negative energy. (rN+) [demonic
                  | ancestry]
 22383 | Spider:1 | Reached XP level 14. HP: 113/115 MP: 21/27
 22428 | Spider:1 | Received a gift from Sif Muna
 24158 | Spider:2 | Reached skill level 14 in Ice Magic
 24210 | Spider:2 | Gained mutation: You have claws for feet. [potion of
                  | mutation]
 24210 | Spider:2 | Gained mutation: You are resistant to electric shocks.
                  | (rElec) [potion of mutation]
 25277 | Spider:2 | Noticed an entropy weaver
 25284 | Spider:2 | Killed an entropy weaver
 26106 | Spider:3 | Received a gift from Sif Muna
 26128 | Spider:2 | Killed a ghost moth
 26128 | Spider:2 | Reached skill level 15 in Ice Magic
 26479 | Swamp:1  | Entered Level 1 of the Swamp
 26630 | Swamp:1  | Learned a level 3 spell: Stone Arrow
 27205 | Swamp:1  | Found a transporter.
 27479 | Swamp:1  | Reached skill level 1 in Earth Magic
 27794 | Swamp:1  | Noticed Josephine
 27806 | Swamp:1  | Killed Josephine
 27806 | Swamp:1  | Reached XP level 15. HP: 125/125 MP: 7/28
 28696 | Swamp:1  | Paralysed by a Zot trap for 5 turns
 28698 | Swamp:1  | HP: 2/125 [spectral anaconda[a ghost crab] (7)]
 28699 | Swamp:1  | Demolished by a hell beast

Illustrated notes

Levels and vault maps discovered:
D:1:      psy_arrival_radial02, layout_loops_ring, minmay_lizard_pond
D:2:      layout_basic, okawaru_metal_pillars_1_2,
          gammafunk_temple_overflow_wave, first_ration
D:3:      layout_rooms, nicolae_overflow_crystal_walls, uniq_sigmund
D:4:      layout_layer_cave, lemuel_crystal_altar,
          nicolae_dithmenos_through_a_glass_darkly
D:5:      cheibrodos_iron_armory, layout_rooms, minmay_temple_entry_glassed_door
D:6:      minmay_chambers_of_fours, layout_basic, lemuel_round_altar
D:7:      layout_basic, elyvilon_altar_5
D:8:      layout_cave_pools, enter_bailey_3, uniq_maurice
D:9:      layout_basic, old_standard_altar, zin_treasury, dpeg_oklobed_lair
D:10:     layout_cave_pools, serial_column_ruins, column_ruins_temple_hall,
          column_ruins_grid_1, column_ruins_open_tiny, column_ruins_grid_1,
          column_ruins_grid_1, column_ruins_open_medium, uniq_fannar
Lair:1:   layout_chaotic_city, grunt_megastairs_5, uniq_urug
Lair:2:   layout_hall_layers, swamp_mist, uniq_erica
Lair:3:   layout_chaotic_city, spider_nest_entry_rubble, basic_altar
Lair:4:   layout_cave_pods
Lair:5:   layout_cave_pods
Lair:6:   guppyfry_lair_end_dragon, layout_small_grid,
          hangedman_lair_caniforms_friends, slime_altar_1, special_room
          [special_room_mythical_zoo], lightli_volcano_entry_magma_tube,
          hangedman_lair_unloving_vines
Swamp:1:  gammafunk_its_a_trap, layout_basic_swamp,
          evilmike_swamp_ruin_rubble_2, swamp_pool5,
          nicolae_swamp_orc_logging_accident, wheals_swamp_sinkhole,
          infiniplex_staircase_pool_2, uniq_josephine
Spider:1: layout_spider_delve
Spider:2: layout_spider_delve
Spider:3: layout_spider_delve, drop_trap

Skill      XL: |  1  2  3  4  5  6  7  8  9 10 11 12 13 14 |
---------------+-------------------------------------------+-----
Ice Magic      | 4 5 6 7 8 9 11 13 15 | 15.4
Fighting       | 1 2 3 5 6 8 9 10 12 13 | 13.7
Spellcasting   | 3 4 5 6 9 |  9.0
Summonings     | 2 4 5 |  5.1
Slings         | 3 5 6 |  6.0
Poison Magic   | 1 2 |  2.1
Conjurations   | 2 3 5 6 |  6.0
Fire Magic     | 2 3 |  3.1
Translocations | 2 |  2.0
Air Magic      | 2 3 4 |  4.0
Invocations    | 1 |  1.9
Earth Magic    | 1 |  1.5
Polearms       | |  0.4
Dodging        | |  1.7
Stealth        | |  1.7

Action                   |  1- 3 |  4- 6 |  7- 9 | 10-12 | 13-15 || total
-------------------------+-------+-------+-------+-------+-------++-------
Melee: Short sword       |    36 |       |       |     9 |       ||    45
       Whip              |     4 |    45 |    31 |    37 |       ||   117
       Kick              |     2 |     4 |     7 |     7 |     8 ||    28
       Rapier            |       |       |    13 |    26 |       ||    39
       Halberd           |       |       |       |     1 |    27 ||    28
 Fire: Hunting sling     |       |       |   132 |   516 |   419 ||  1067
Throw: Dart              |       |     3 |       |     1 |       ||     4
 Cast: Freeze            |    27 |    10 |    25 |   129 |   222 ||   413
       Frozen Ramparts   |     2 |    10 |    34 |    44 |    73 ||   163
       Summon Ice Beast  |       |       |     9 |    29 |    45 ||    83
       Mephitic Cloud    |       |       |       |     4 |     1 ||     5
       Blink             |       |       |       |     3 |     2 ||     5
       Ozocubu's Refrige |       |       |       |     3 |    31 ||    34
       Passwall          |       |       |       |       |     1 ||     1
       Freezing Cloud    |       |       |       |       |     7 ||     7
Invok: Forget Spell      |       |       |       |     1 |       ||     1
       Channel Magic     |       |       |       |       |     4 ||     4
  Use: Scroll            |     5 |     6 |     7 |     4 |     8 ||    30
       Potion            |       |       |     3 |       |     6 ||     9
 Stab: Sleeping          |     4 |     2 |       |     1 |       ||     7
       Distracted        |     1 |       |       |       |       ||     1
       Confused          |       |       |       |     1 |       ||     1
  Eat: Chunk             |     4 |     6 |    11 |    34 |    24 ||    79
       Ration            |       |       |     2 |       |     7 ||     9
Armor: Robe              |     7 |    15 |    36 |   157 |   140 ||   355
Dodge: Dodged            |    35 |    44 |    76 |   226 |   179 ||   560
